 Dungeon Crawl Stone Soup version 0.30-a0-739-gea05faddec (webtiles) character file.

Game seed: 14520279044697013948

3 holysushi the Grasshopper (level 1, 0/16 HPs)
             Began as a Demonspawn Warper on Feb 4, 2023.
             Succumbed to a kobold's poison
             ... on level 1 of the Dungeon.
             The game lasted 00:00:08 (70 turns).

holysushi the Grasshopper (Demonspawn Warper)         Turns: 70, Time: 00:00:08

Health: 0/16       AC:  3    Str: 11    XL:     1   Next: 41%
Magic:  3/3        EV: 11    Int: 14    God:
Gold:   21         SH:  0    Dex: 12    Spells: 4/4 levels left

rFire   . . .      SeeInvis .    a - +0 mace
rCold   . . .      Faith    .    (no shield)
rNeg    . . .      Spirit   .    b - +0 leather armour
rPois   .          Reflect  .    (no helmet)
rElec   .          Harm     .    (no cloak)
rCorr   .          Rampage  .    (no gloves)
Will    .....                    (no boots)
Stlth   +                        (no amulet)
HPRegen 0.22/turn                (no ring)
MPRegen 0.08/turn                (no ring)

@: lethally poisoned (0 -> -13)
A: no striking features
a: no special abilities


You were on level 1 of the Dungeon.
You visited 1 branch of the dungeon, and saw 1 of its levels.

You collected 21 gold pieces.

Inventory:

Hand Weapons
 a - a +0 mace (weapon)
Missiles
 d - 7 boomerangs of dispersal (quivered)
Armour
 b - a +0 leather armour (worn)
Scrolls
 c - a scroll of blinking
 e - a scroll of noise {unknown}
 f - a scroll of fear {unknown}
 g - a scroll of teleportation {unknown}
 h - a scroll of fog {unknown}


   Skills:
 - Level 2.0 Fighting
 + Level 2.0 Maces & Flails
 - Level 0.8 Throwing
 - Level 0.8 Armour
 - Level 1.7 Dodging
 - Level 2.0 Spellcasting
 - Level 2.7 Translocations


You had 4 spell levels left.
You didn't know any spells.
Your spell library contained the following spells:

 Spells                   Type           Power      Damage    Failure   Level
 Blink                    Tloc           18%        N/A       16%         2
 Lesser Beckoning         Tloc           18%        N/A       16%         2
 Teleport Other           Tloc           9%         N/A       30%         3
 Vhi's Electric Charge    Tloc/Air       10%        N/A       47%         3
 Manifold Assault         Tloc           9%         N/A       71%         4


Dungeon Overview and Level Annotations

Branches:
Dungeon (1/15) Zot: 5927

Altars:


Message History

You hit the quokka.
The quokka is moderately wounded.
The quokka barely misses you.
You sock the quokka!
You kill the quokka!
No target in view!
No target in view!
HP restored.
You now have 21 gold pieces (gained 13).
A goblin and a quokka come into view.
The goblin shouts!
You hear a shout!
There are monsters nearby!
There are monsters nearby!
You closely miss the quokka. The quokka completely misses you.
You miss the quokka. The quokka barely misses you.
A kobold comes into view. It is wielding a +0 dagger of venom.
The quokka completely misses you.
You hit the quokka.
You kill the quokka!
You sock the goblin!
You kill the goblin!
The kobold throws a stone.
The stone closely misses you.
Your Maces & Flails skill increases to level 2!
The kobold throws a stone.
The stone hits you but does no damage.
Things that are here:
a +0 club; a goblin corpse The kobold throws a stone.
The stone hits you. The kobold hits you but does no damage.
You are poisoned.
You completely miss the kobold.
You feel very sick.
The kobold hits you with a +0 dagger of venom.
You are lethally poisoned!
You closely miss the kobold.
* * * LOW HITPOINT WARNING * * *
You feel very sick. The kobold closely misses you.
You hit the kobold.
The kobold is moderately wounded.
You die...

## ## # .. ..# .####
##.## .##.####...
...#...#.#.#############
..###....#...##.........
.## ##.#####..).@K.....#
## ##..#...##.###.##.#
.## #.#.#......# ..#
#..#...######
.#.#.#.##### .##.##.
.##.##. .##.##.#
.##.##.#


You could see a kobold.

Vanquished Creatures
  2 quokkas (D:1)
  A goblin (D:1)
3 creatures vanquished.

Notes
Turn   | Place    | Note
-------+----------+-------------------------------------------
     0 | D:1      | holysushi the Demonspawn Warper began the quest for the
                  | Orb.
     0 | D:1      | Reached XP level 1. HP: 16/16 MP: 3/3
    70 | D:1      | Succumbed to a kobold's poison

Illustrated notes

Levels and vault maps discovered:
D:1:      eino_arrival_druids_welcome, layout_loops_ring, serial_bayou_crossing

Skill      XL: |  1 |
---------------+----+-----
Maces & Flails | 2 |  2.0
Fighting       | |  2.0
Throwing       | |  0.8
Armour         | |  0.8
Dodging        | |  1.7
Spellcasting   | |  2.0
Translocations | |  2.7

Action                     || total
---------------------------++-------
  Melee: Mace              ||    10
 Armour: Leather armour    ||     2
  Dodge: Dodged            ||     7

Table legend: (Time is in decaauts)
 A = Elapsed time spent in this place.
 B = Non-inter-level travel time spent in this place.
 C = Inter-level travel time spent in this place.
 D = Time resting spent in this place.
 E = Time spent auto-exploring this place.
 F = Levels seen in this place.
 G = Mean time per level.
                   A        B        C        D        E       F      G
               +--------+--------+--------+--------+--------+-----+--------+
         Total |     72 |     72 |      0 |      0 |     45 |   1 |   72.0 |
       Dungeon |     72 |     72 |      0 |      0 |     45 |   1 |   72.0 |
               +--------+--------+--------+--------+--------+-----+--------+

Top non-repeatable levels by time:
     D:1: 72 daAuts
